 Dungeon Crawl Stone Soup version 0.23-a0-241-g3b46b07 (webtiles) character file.

7 Irenicus the Charmwright (level 1, 0/19 HPs)
             Began as a Deep Dwarf Skald on Sept 26, 2018.
             Succumbed to a water moccasin's poison
             ... on level 2 of the Dungeon.
             The game lasted 00:01:24 (94 turns).

Irenicus the Charmwright (Deep Dwarf Skald)           Turns: 94, Time: 00:01:24

Health: 0/19       AC:  4    Str: 14    XL:     1   Next: 83%
Magic:  1/1        EV: 12    Int: 13    God:
Gold:   0          SH:  0    Dex: 12    Spells: 3/4 levels left

rFire    . . .     SeeInvis .   a - +0 hand axe
rCold    . . .     Gourm    .   (no shield)
rNeg     . . .     Faith    .   b - +1 leather armour
rPois    .         Spirit   .   (no helmet)
rElec    .         Reflect  .   (no cloak)
rCorr    .         Harm     .   (no gloves)
MR       .....                  (no boots)
Stlth    +.........             (no amulet)
HPRegen  0.00/turn              (no ring)
MPRegen  0.07/turn              (no ring)

@: lethally poisoned (0 -> -31), infused (expiring), non-regenerating
A: damage resistance, heal wounds, sense surroundings 1, no regeneration
a: Heal Wounds


You were on level 2 of the Dungeon.
You were not hungry.

You visited 1 branch of the dungeon, and saw 2 of its levels.

Inventory:

Hand Weapons
 a - a +0 hand axe (weapon)
Armour
 b - a +1 leather armour (worn)
Comestibles
 d - a ration


   Skills:
 - Level 1.7 Fighting
 + Level 2.4 Axes
 - Level 1.1 Armour
 - Level 2.1 Dodging
 + Level 2.0 Spellcasting
 + Level 2.8 Charms


You had 3 spell levels left.
You knew the following spells:

 Your Spells              Type           Power        Failure   Level  Hunger
a - Infusion              Chrm           #...         10%         1    ##.....

Your spell library contained the following spells:

 Spells                   Type           Power        Failure   Level  Hunger
 Song of Slaying          Chrm           #.......     14%         2    ###....
 Shroud of Golubria       Chrm/Tloc      #.........   26%         2    ###....
 Spectral Weapon          Hex/Chrm       #.......     45%         3    ####...
 Regeneration             Chrm/Necr      Unusable     N/A         3    N/A

Dungeon Overview and Level Annotations

Branches:
Dungeon (2/15)

Altars:
Okawaru


Innate Abilities, Weirdness & Mutations

You are resistant to damage.
You can heal yourself by infusing magical energy.
You passively map a small area around you.
You do not regenerate.


Message History

You feel very sick. The water moccasin closely misses you.
The water moccasin bites you.
You are more poisoned.
The water moccasin poisons you!
Your magical essence is drained by the effort!
You feel much better.
You feel very sick.
The water moccasin bites you but does no damage.
The water moccasin closely misses you.
You closely miss the water moccasin.
The water moccasin is severely wounded.
You feel very sick. The water moccasin bites you!
* * * LOW HITPOINT WARNING * * *
You are more poisoned.
The water moccasin poisons you!
You closely miss the water moccasin.
The water moccasin is severely wounded.
Your magical infusion is running out.
You die...

#...##.##
#.#.....## ,
#..<###..##
##....S.... #*
#.####.### , ,
#.##.##.....##
#...#.......# ,
*#.#..#.......#.
,
#,##...@._.....
#.#S......#.
#.#.......#, *
*#.##.....##
..####.### ,,#..
... ### #... * ,
,.### * *


You could see a water moccasin.

Vanquished Creatures
  2 goblins (D:1)
  3 hobgoblins (D:1)
  A frilled lizard (D:2)
6 creatures vanquished.

Notes
Turn   | Place    | Note
-------+----------+-------------------------------------------
     0 | D:1      | Irenicus the Deep Dwarf Skald began the quest for the Orb.
     0 | D:1      | Reached XP level 1. HP: 19/19 MP: 3/3
    72 | D:2      | Noticed a water moccasin
    76 | D:2      | Found an iron altar of Okawaru.
    94 | D:2      | Succumbed to a water moccasin's poison

Vault maps used:
D:1:      dpeg_arrival_stone_temple_mockup
D:2:      nicolae_dithmenos_shadow_blocks, old_standard_altar,
          minmay_heptomino_o4

Skill      XL: |  1 |
---------------+----+-----
Spellcasting   | 2 |  2.0
Fighting       | |  1.7
Axes           | |  2.4
Armour         | |  1.1
Dodging        | |  2.1
Charms         | |  2.8

Action                   || total
-------------------------++-------
Melee: Hand axe          ||    18
 Cast: Infusion          ||     2
 Abil: Heal Wounds       ||     3
  Use: Scroll            ||     2
Armor: Leather armour    ||     3
Dodge: Dodged            ||    12

Table legend:
 A = Non-vault XP
 B = Vault XP
 C = Vault XP percentage of total XP
 D = Non-vault monster count
 E = Vault monster count
 F = Vault count percentage of total count
                 A         B        C        D         E       F
            +---------+---------+-------+---------+---------+-------
      Total |      10 |       0 |   0.0 |       6 |       0 |   0.0
            +---------+---------+-------+---------+---------+-------
        D:1 |       9 |       0 |   0.0 |       5 |       0 |   0.0
        D:2 |       1 |       0 |   0.0 |       1 |       0 |   0.0
            +---------+---------+-------+---------+---------+-------
